AoeStats
← 军军

Migration

509859362Analyzed
1v1 RM · 5d ago on Sep 28, 2026· 48m 16s· 2 players
Game mode
Random Map
Map size
132×132
Population
200
Speed
Normal
Resources
Standard
Victory
Conquest
Starting age
Dark Age
Ending age
Imperial Age
RankedLock teamsTeams togetherTeam positionsShared explorationLock speedFull tech treeHidden civsTurbo modeCheats
Victory
Defeat
🇵🇱 Varangians · Poland
806
+16
🇨🇳 Vikings · China
814
-16
M1918c
12:43 Feudal Age
15:25 Fishing Lines
18:29 Castle Age
18:10 Double-Bit Axe
18:17 Gold Mining
19:04 Loom
19:51 Bow Saw
20:32 Fletching
26:46 Ballistics
26:25 Bodkin Arrow
28:46 Wheelbarrow
29:40 Town Watch
30:11 Hand Cart
30:41 Careening
30:43 Clinker Construction
31:18 Gillnets
36:00 Imperial Age
37:36 Bracer
37:47 Forging
37:42 Scale Barding Armor
37:58 Husbandry
38:08 Bloodlines
37:19 Cavalier
39:43 Chemistry
40:46 Chain Barding Armor
41:33 Conscription
41:21 Vendel Legacy
43:56 Iron Casting
44:01 Plate Barding Armor
47:35 Elite Longship
军军
8:17 Loom
11:56 Feudal Age
12:41 Double-Bit Axe
12:53 Horse Collar
13:17 Fishing Lines
18:40 Castle Age
19:07 Padded Archer Armor
18:58 Fletching
20:46 Bow Saw
20:38 Heavy Plow
20:32 Gillnets
26:18 Medium Warships
33:18 Leather Archer Armor
32:58 Bodkin Arrow
47:34 Imperial Age
Connection lost

Rejoining the realm…

Still unreachable

The connection could not be restored.

Session expired

The server has moved on; the page needs a fresh start.